 Dungeon Crawl Stone Soup version 0.27-a0-1502-g47ed6a6988 (webtiles) character file.

Game seed: 14800727574991904558

75 tsouns the Grave Robber (level 4, 0/30 HPs)
             Began as a Mummy Necromancer on July 8, 2021.
             Was a Believer of Lugonu.
             Slain by an ogre (10 damage)
             ... on level 3 of the Dungeon.
             The game lasted 00:04:32 (2415 turns).

tsouns the Grave Robber (Mummy Necromancer)         Turns: 2415, Time: 00:04:33

Health: 0/30       AC:  3    Str: 11    XL:     4   Next: 11%
Magic:  1/10       EV: 12    Int: 21    God:    Lugonu [**....]
Gold:   83         SH:  0    Dex: 12    Spells: 6/11 levels left

rFire    x . .     SeeInvis .   f - +0 mace (drain)
rCold    + . .     Faith    .   (no shield)
rNeg     + + +     Spirit   .   a - +0 robe
rPois    ∞         Reflect  .   (no helmet)
rElec    .         Harm     .   b - +0 cloak
rCorr    .         Rampage  .   (no gloves)
Will     .....                  (no boots)
Stlth    ++........             (no amulet)
HPRegen  0.10/turn              h - +6 ring of intelligence
MPRegen  0.12/turn              (no ring)

@: no status effects
A: cold resistance 1, negative energy resistance 3, torment resistance 2, heat
vulnerability 1, no potions
a: Renounce Religion, Depart the Abyss, Bend Space


You were on level 3 of the Dungeon.
You worshipped Lugonu.
Lugonu was pleased with you.
You visited 1 branch of the dungeon, and saw 3 of its levels.

You collected 83 gold pieces.

Inventory:

Hand Weapons
 d - a +0 short sword
 f - a +0 mace of draining (weapon)
Armour
 a - a +0 robe (worn)
 b - a +0 cloak (worn)
Jewellery
 h - a +6 ring of intelligence (left hand)
Wands
 e - a wand of polymorph (8)
Scrolls
 c - a scroll of identify {unknown}
 g - a scroll of enchant armour {unknown}


   Skills:
 - Level 1.5 Dodging
 - Level 1.5 Stealth
 + Level 4.3 Spellcasting
 + Level 4.9 Necromancy


You had 6 spell levels left.
You knew the following spells:

 Your Spells              Type           Power      Damage    Failure   Level
a - Pain                  Necr           100%       1d9       1%          1
b - Animate Skeleton      Necr           50%        N/A       1%          1
c - Vampiric Draining     Necr           12%        2d7       4%          3

Your spell library contained the following spells:

 Spells                   Type           Power      Damage    Failure   Level
 Animate Dead             Necr           12%        N/A       16%         4
 Static Discharge         Conj/Air       4%         N/A       19%         2
 Agony                    Necr           25%        N/A       38%         5
 Petrify                  Tmut/Erth      4%         N/A       75%         4
 Irradiate                Conj/Tmut      2%         3d14      97%         5
 Lightning Bolt           Conj/Air       2%         1d13      97%         5
 Maxwell's Capacitive Co  Air            2%         ∞         100%        8
 Sublimation of Blood     Necr           Unusable   N/A       N/A         2

Dungeon Overview and Level Annotations

Branches:
Dungeon (3/15)

Altars:
Lugonu


Innate Abilities, Weirdness & Mutations

You are immune to poison.
Your flesh is cold resistant. (rC+)
You are immune to negative energy. (rN+++)
You are immune to unholy pain and torment.
You are vulnerable to heat. (rF-)
You do not drink.


Message History

Things that are here:
a +0 dagger; a +0 club; a +0 dagger You hit the goblin.
You kill the goblin!
Lugonu accepts your kill.
Casting: Pain (safe; 1% risk of failure)
Confirm with . or Enter, or press ? or * to list all spells.
Aiming: Pain (safe; 1% risk of failure)
Press: ? - help, Shift-Dir - straight line, f - ogre
Aim: an ogre, wielding a +0 giant club (chance to affect: 84%)
The ogre writhes in agony.
The ogre closely misses you.
Casting: Pain (safe; 1% risk of failure)
Confirm with . or Enter, or press ? or * to list all spells.
Aiming: Pain (safe; 1% risk of failure)
Press: ? - help, Shift-Dir - straight line, f/p - ogre
Aim: an ogre, wielding a +0 giant club (lightly wounded, chance to affect: 84%)
The ogre writhes in agony.
The ogre barely misses you.
Casting: Pain (safe; 1% risk of failure)
Confirm with . or Enter, or press ? or * to list all spells.
Aiming: Pain (safe; 1% risk of failure)
Press: ? - help, Shift-Dir - straight line, f/p - ogre
Aim: an ogre, wielding a +0 giant club (lightly wounded, chance to affect: 84%)
The ogre writhes in agony.
You sock the ogre!
The ogre is severely wounded.
The ogre hits you with a +0 giant club!!
Ouch! That really hurt!
* * * LOW HITPOINT WARNING * * *
Unknown command.
Casting: Pain (safe; 1% risk of failure)
Confirm with . or Enter, or press ? or * to list all spells.
Okay, then.
Casting: Pain (safe; 1% risk of failure)
Confirm with . or Enter, or press ? or * to list all spells.
Aiming: Vampiric Draining (dangerous; 4% risk of failure)
Press: ? - help, Shift-Dir - straight line, f/p - ogre
Aim: an ogre, wielding a +0 giant club (severely wounded)
You draw life force from the ogre.
You feel life coursing into your body. The ogre hits you with a +0 giant club!
You die...

<.## #.......)......#
#..# .# #####.##.#####.#
###..# . #.##.#
#.######....# . #.##.#
#.........#.# #.##.#
########..#.# #.##.##
#..#.# #.#...## #...####
#..###.##########.###(g.
#..# #.@Ogg.......#.'gg?
##.###.##########g.g#(..
##...## #.### ## #.###
#.# #.# #.# #.# #.# ##.#
#># ##.#.## #.#
.#.####.###.# #.#


You could see an ogre and 2 goblins.

Vanquished Creatures
  2 adders
  A dart slug (D:1)
  4 endoplasms
  2 giant cockroaches
  9 goblins
  2 hobgoblins (D:1)
  2 jackals (D:1)
  7 kobolds
  2 quokkas
  7 ball pythons
  6 bats
  3 frilled lizards
  5 rats
52 creatures vanquished.

Notes
Turn   | Place    | Note
-------+----------+-------------------------------------------
     0 | D:1      | tsouns the Mummy Necromancer began the quest for the Orb.
     0 | D:1      | Reached XP level 1. HP: 13/13 MP: 4/4
     2 | D:1      | Learned a level 1 spell: Animate Skeleton
   201 | D:1      | Reached XP level 2. HP: 19/19 MP: 4/6
   922 | D:1      | Reached XP level 3. HP: 24/24 MP: 1/8
  1023 | D:1      | Found a faded altar of an unknown god.
  1029 | D:1      | Became a worshipper of Lugonu the Unformed
  1029 | D:1      | Reached * piety under Lugonu
  1029 | D:1      | Reached ** piety under Lugonu
  1211 | D:2      | Learned a level 3 spell: Vampiric Draining
  2218 | D:3      | Reached XP level 4. HP: 19/30 MP: 5/10
  2386 | D:3      | Noticed an ogre
  2415 | D:3      | Slain by an ogre

Illustrated notes

Levels and vault maps discovered:
D:1:      nzn_arrival_depleted_hourglass, layout_rooms,
          shapermc_ecumenical_altar_hornbeckon
D:2:      layout_loops_cross
D:3:      layout_loops_ring, minitemple, minmay_ogre_servants

Skill      XL: |  1  2  3 |
---------------+----------+-----
Spellcasting   | 3 4 |  4.3
Dodging        | |  1.5
Stealth        | |  1.5
Necromancy     | |  4.9

Action                   |  1- 3 |  4- 6 || total
-------------------------+-------+-------++-------
Melee: Unarmed           |     3 |       ||     3
       Short sword       |     3 |       ||     3
       Mace              |       |     5 ||     5
 Cast: Pain              |   100 |     8 ||   108
       Animate Skeleton  |     3 |       ||     3
       Vampiric Draining |       |     1 ||     1
Armor: Robe              |    14 |       ||    14
Dodge: Dodged            |    33 |     4 ||    37

Table legend: (Time is in decaauts)
 A = Elapsed time spent in this place.
 B = Non-inter-level travel time spent in this place.
 C = Inter-level travel time spent in this place.
 D = Time resting spent in this place.
 E = Time spent auto-exploring this place.
 F = Levels seen in this place.
 G = Mean time per level.
                   A        B        C        D        E       F      G
               +--------+--------+--------+--------+--------+-----+--------+
         Total |   2424 |   2389 |     35 |      0 |   1901 |   3 |  808.0 |
       Dungeon |   2424 |   2389 |     35 |      0 |   1901 |   3 |  808.0 |
               +--------+--------+--------+--------+--------+-----+--------+

Top non-repeatable levels by time:
     D:1: 1207 daAuts
     D:2: 901 daAuts
     D:3: 315 daAuts
